 Dungeon Crawl Stone Soup version 0.22.1 (webtiles) character file.

388024 eccles the Axe Maniac (level 22, -2/228 HPs)
             Began as a Minotaur Berserker on Sept 3, 2018.
             Was the Champion of Trog.
             Incinerated by a smoke demon (4 damage)
             ... with a sticky flame
             ... on level 2 of the Abyss on Sept 19, 2018.
             The game lasted 05:51:15 (42970 turns).

eccles the Axe Maniac (Minotaur Berserker)         Turns: 42970, Time: 05:51:15

Health: -2/228     AC: 33    Str: 28    XL:     22   Next: 4%
Magic:  21/21      EV: 13    Int:  0    God:    Trog [******]
Gold:   3599       SH:  0    Dex: 17    Spells: 21/21 levels left

rFire    . . .     SeeInvis .   V - +5 battleaxe of the Firefly {flame, rElec}
rCold    + . .     Gourm    .   (shield currently unavailable)
rNeg     + + .     Faith    .   X - +8 plate armour "Qunuzoos" {rElec rCorr Dex-2 Stlth+}
rPois    .         Spirit   .   F - +2 hat {MR+}
rElec    +         Reflect  .   E - +1 cloak of Magic {rN++ rCorr Dex+2}
rCorr    +         Harm     .   u - +2 pair of gloves {Dex+3}
MR       ++...                  P - +1 pair of boots {Fly}
Stlth    ..........             J - amulet of regeneration
HPRegen  0.88/turn              d - +4 ring of protection
MPRegen  0.17/turn              C - ring of protection from cold

@: liquid flames, corroded, flying, very slightly contaminated, slowed, lost
intelligence, glowing, very slow
A: retaliatory headbutt, horns 2, [blurry vision 3], [deterioration 2], [dopey
2], [no potion heal 1]
}: 2/15 runes: decaying, serpentine
a: Berserk, Trog's Hand, Brothers in Arms, Renounce Religion, Stop Flying


You were on level 2 of the Abyss.
You worshipped Trog.
Trog was exalted by your worship.
You were hungry.

You visited 7 branches of the dungeon, and saw 38 of its levels.
You visited the Abyss 1 time.
You also visited: Labyrinth, Sewer and Volcano.

You collected 4327 gold pieces.
You spent 728 gold pieces at shops.

Inventory:

Hand Weapons
 Q - a +9 broad axe of flaming
 V - the +5 battleaxe of the Firefly (weapon) {flame, rElec}
   (Trog gifted it to you on level 4 of the Snake Pit)

   It has been specially enchanted to burn those struck by it, causing extra
   injury to most foes and up to half again as much damage against particularly
   susceptible opponents.
   Big, fiery blades are also staple armaments of hydra-hunters.
   It insulates you from electricity.
Missiles
 p - 9 tomahawks of returning
 y - 14 poisoned javelins (quivered)
Armour
 u - a +2 pair of gloves of dexterity (worn)
 A - +3 swamp dragon scales
 E - the +1 cloak of Magic (worn) {rN++ rCorr Dex+2}
   (You found it on level 6 of the Dungeon)

   It affects your dexterity (+2).
   It greatly protects you from negative energy.
   It provides partial protection from all sources of acid and corrosion.
 F - a +2 hat of magic resistance (worn)
 K - the +2 buckler of the Castellan {Str+2}
   (You acquired it on level 1 of the Lair of Beasts)

   It affects your strength (+2).
 P - a +1 pair of boots of flying (worn)
 X - the +8 plate armour "Qunuzoos" (worn) {rElec rCorr Dex-2 Stlth+}
   (You found it on level 1 of the Lair of Beasts)

   It affects your dexterity (-2).
   It insulates you from electricity.
   It provides partial protection from all sources of acid and corrosion.
   It makes you more stealthy.
Jewellery
 d - a +4 ring of protection (left hand)
 m - an uncursed ring of resist corrosion
 w - an uncursed ring of protection from fire {unknown}
 C - a ring of protection from cold (right hand)
 G - an uncursed ring of protection from cold
 J - an amulet of regeneration (around neck)
Wands
 e - a wand of acid (21)
 g - a wand of enslavement (45)
 q - a wand of scattershot (5)
 x - a wand of flame (186)
 L - a wand of polymorph (36)
 M - a wand of disintegration (30)
 N - a wand of paralysis (45)
 W - a wand of iceblast (34)
Scrolls
 a - 2 scrolls of enchant weapon
 h - 7 scrolls of fog
 n - 3 scrolls of blinking
 r - 14 scrolls of teleportation
 t - 15 scrolls of remove curse
 v - 3 scrolls of magic mapping
 D - a scroll of summoning
 H - a scroll of silence
 I - 6 scrolls of identify
 O - a scroll of holy word
 Y - 6 scrolls of fear
Potions
 b - 2 potions of might
 i - 3 potions of agility
 j - 5 potions of invisibility
 k - 2 potions of magic
 l - 7 potions of cancellation
 o - a potion of mutation
 s - a potion of resistance
 z - 5 potions of haste
 B - 7 potions of curing
 R - 9 potions of flight
 U - a potion of brilliance
Comestibles
 c - 50 rations


   Skills:
 + Level 26.0 Fighting
 O Level 27 Axes
   Level 2.3(18.8) Maces & Flails
 * Level 9.6 Throwing
 + Level 17.4 Armour
 + Level 7.5 Dodging
 + Level 3.1 Stealth
 + Level 8.3 Shields
 - Level 1.3 Evocations


You had 21 spell levels left.
You didn't know any spells.
Your spell library was empty.

Dungeon Overview and Level Annotations

Branches:
Dungeon (15/15)            Temple (0/1) D:4            Lair (6/6) D:11
  Swamp (4/4) Lair:4        Snake (4/4) Lair:2        Slime (0/5) Lair:6
    Orc (2/2) D:11            Elf (3/3) Orc:2        Vaults (4/5) D:14
  Crypt (0/3) Vaults:3     Depths (0/5) D:15

Altars:
Dithmenos
Elyvilon
Fedhas
Hepliaklqana
Kikubaaqudgha
Makhleb
Nemelex Xobeh
Qazlal
Ru
Trog
Uskayaw
Wu Jian
Xom
Zin
The Shining One
Jiyva

Shops:
Orc:2 !?(*:   Elf:2 !   Snake:1 ?   Vaults:4 (

Portals:
Pandemonium: Orc:2
Trove: D:15 (give +6 demon trident)


Innate Abilities, Weirdness & Mutations

You reflexively headbutt those who attack you in melee.
You have a pair of horns on your head.
[Scrolls take you much longer to read.]
[Your body often deteriorates upon taking damage.]
[You are very dopey. (Int -4)]
[Potions are less effective at restoring your health.]


Message History

* * * LOW HITPOINT WARNING * * *
You hit the smoke demon.
You headbutt the smoke demon, but do no damage.
The smoke demon is lightly wounded.
You are covered in liquid flames!
* * * LOW HITPOINT WARNING * * *
You are feeling hungry.
The smoke demon gestures at you. The sticky flame hits you!
You are covered in liquid flames!
You hit the smoke demon but do no damage.
The smoke demon is lightly wounded.
You are covered in liquid flames!
* * * LOW HITPOINT WARNING * * *
The smoke demon hits you but does no damage. x2
The smoke demon barely misses you.
You slash the smoke demon! Your headbutt misses the smoke demon.
The smoke demon is heavily wounded.
You are covered in liquid flames!
You die...

# #...# . ##.#.# .
..#..#. ##..#. .#.#
##.##....###...#
..#...#..@...#
....##..3..##.#
#......###.### .#
...#...##..# # ..#
##.#.#...ยง.#..#...
.. #...##........##
. . #...#
#.#......### .##
#.##. #.####.
.#..#. .. .# ##.##.
##..# ###


You could see a smoke demon.

Vanquished Creatures
  2 profane servitors (Abyss:2)
  Rupert (D:13)
  2 sphinxes (Vaults:2)
  A thorn hunter (Swamp:4)
  A storm dragon (Vaults:3)
  Roxanne (Swamp:4)
  5 nagarajas (Snake:4)
  2 deep elf sorcerers (Elf:3)
  A fire giant (Vaults:1)
  An orc warlord (Elf:2)
  16 vault wardens
  2 deep elf elementalists (Elf:3)
  An entropy weaver (Vaults:3)
  14 ironheart preservers
  A very ugly thing (Vaults:1)
  A deep elf annihilator (Elf:1)
  6 stone giants
  4 deep elf demonologists
  3 minotaurs
  A deep elf death mage (Elf:3)
  2 ettins (Vaults:3)
  5 yaktaur captains
  4 great orbs of eyes
  3 fire dragons
  2 deep elf high priests
  14 ogre magi
  4 vault guards
  25 hydras
  18 naga warriors
  2 ice dragons (Vaults:3)
  11 centaur warriors
  3 death knights
  14 anacondas
  11 alligators
  39 two-headed ogres
  2 ghost crabs
  Erica (Lair:1)
  A two-headed ogre (shapeshifter) (Elf:1)
  4 death yaks (D:12)
  19 dancing weapons
  13 naga sharpshooters
  2 deep troll earth magi
  A vampire mage (Vaults:3)
  3 deep troll shamans
  9 shock serpents
  3 spriggan berserkers
  A thrashing horror (Abyss:2)
  7 orc high priests
  Urug (Lair:2)
  A sun demon (D:15)
  5 hell knights (D:15)
  2 shadow wraiths (Vaults:4)
  26 deep elf knights
  Sonja (Lair:1)
  7 salamander mystics (Snake:4)
  15 small abominations
  A fire crab (Volcano)
  A wretched star (Abyss:2)
  2 fire crabs (shapeshifter)
  3 sixfirhies
  A shambling mangrove (Swamp:4)
  A spatial maelstrom (Abyss:2)
  An unseen horror (shapeshifter) (Vaults:4)
  4 wizards
  2 torturous demonspawn (Orc:2)
  9 deep trolls
  7 naga ritualists
  15 swamp dragons
  A gelid demonspawn (Orc:1)
  An infernal demonspawn (Orc:2)
  3 glowing orange brains
  25 orc knights
  15 deep elf archers
  10 ironbrand convokers
  2 obsidian statues (D:15)
  A necromancer (Vaults:3)
  A lindwurm (shapeshifter) (Vaults:3)
  A phantasmal warrior (D:12)
  An orb spider (shapeshifter) (Vaults:2)
  5 lindwurms
  2 wolf spiders
  A shining eye (shapeshifter) (Vaults:2)
  13 mana vipers
  43 ugly things
  8 cyclopes
  64 deep elf magi
  19 slime creatures
  4 large abominations (Abyss:2)
  10 orc sorcerers
  A salamander (shapeshifter) (Elf:1)
  A centaur zombie (D:15)
  A worldbinder (Abyss:2)
  12 salamanders
  5 elephants (Lair:2)
  2 manticores
  5 rust devils
  21 naga magi
  3 apocalypse crabs (Abyss:2)
  31 black mambas
  A guardian serpent (shapeshifter) (Vaults:4)
  8 guardian serpents
  13 vault sentinels
  4 gargoyles
  A torpor snail (Lair:5)
  15 spiny frogs
  A fire giant skeleton (Vaults:3)
  A rime drake (Lair:6)
  A molten gargoyle (Volcano)
  43 yaktaurs
  4 komodo dragons
  8 freezing wraiths
  An ice devil (D:15)
  A redback zombie (D:15)
  6 hellwings
  2 tengu conjurers (D:14)
  4 ancient zymes (Abyss:2)
  4 red devils
  A jumping spider (shapeshifter) (D:15)
  5 polar bears (Lair:6)
  A queen bee (Lair:1)
  A troll (shapeshifter) (Vaults:4)
  A merfolk (D:11)
  9 trolls
  A meliai (shapeshifter) (Vaults:3)
  17 hornets
  5 tyrant leeches
  A hippogriff (shapeshifter) (D:15)
  2 raiju (Abyss:2)
  A harpy skeleton (D:15)
  6 bog bodies
  5 dream sheep
  9 hippogriffs
  27 blink frogs
  2 redbacks (Vaults:3)
  13 starcursed masses (Abyss:2)
  18 spriggans
  4 air elementals
  4 shadows
  4 water elementals
  Eustachio (D:5)
  5 ynoxinuls
  35 yaks
  A vampire (D:13)
  7 wraiths
  A hog (shapeshifter) (Vaults:4)
  17 humans
  2 basilisks
  A fire bat (Volcano)
  4 wyverns
  Grum (D:10)
  A golden eye (shapeshifter) (Vaults:2)
  2 fire elementals (Elf:1)
  5 hungry ghosts
  2 chaos spawn
  3 steam dragons
  24 vampire mosquitoes
  4 insubstantial wisps (Swamp:3)
  20 swamp worms
  A harpy simulacrum (D:14)
  A swamp worm (shapeshifter) (D:15)
  4 spatial vortices (Abyss:2)
  41 nagas
  A naga (shapeshifter) (Vaults:3)
  A soldier ant (D:13)
  8 acid dragons
  8 wargs
  7 water moccasins
  12 porcupines
  The ghost of Pereza0 the Cudgeler, an amateur OgBe of Trog (D:3)
  4 hell hounds
  3 sky beasts
  56 orc warriors
  A hornet zombie (D:9)
  11 swamp drakes
  4 black bears
  2 eyes of draining
  A necrophage (D:9)
  2 phantoms
  37 ogres
  12 boggarts
  A centaur (shapeshifter) (Vaults:3)
  23 wolves
  20 centaurs
  A human skeleton (Vaults:3)
  11 crocodiles
  2 big kobolds (D:8)
  3 earth elementals
  A gnoll sergeant (D:6)
  15 bullfrogs
  A deep troll simulacrum (Vaults:3)
  6 scorpions
  A scorpion (shapeshifter) (Vaults:1)
  A human simulacrum (Vaults:3)
  24 killer bees
  11 wights
  7 electric eels
  4 howler monkeys
  3 lava snakes (Volcano)
  11 crimson imps
  2 jellies
  4 hounds
  2 bullfrog zombies
  30 orc wizards
  42 orc priests
  4 bullfrog skeletons
  5 centaur skeletons
  3 iron imps (Abyss:2)
  Jessica (D:2)
  5 iguanas
  8 worker ants
  A hound zombie (D:7)
  A worker ant zombie (D:6)
  2 howler monkey zombies
  14 gnolls
  23 adders
  3 shadow imps
  A white imp (Abyss:2)
  12 oozes
  2 adder zombies
  8 worms
  3 dart slugs
  16 leopard geckos
  94 orcs
  5 bats
  17 giant cockroaches
  4 goblins
  5 hobgoblins
  6 jackals (D:6)
  4 quokkas
  9 ball pythons
  13 frilled lizards
  A jackal skeleton (D:8)
  17 kobolds
  A leopard gecko zombie (D:7)
  10 rats
  10 fungi
1849 creatures vanquished.

Vanquished Creatures (others)
  Vashnia (Snake:4)
  A deep elf mage (Elf:1)
  A wizard (D:3)
  A hornet (Swamp:3)
  A blink frog (Swamp:2)
  An air elemental (Elf:1)
  A neqoxec (D:15)
  A naga (Snake:4)
  An orc wizard (D:8)
  A kobold (D:11)
  A bush (Lair:5)
  4 fungi
  A lurking horror (Abyss:2)
  A plant (Lair:5)
  8 starspawn tentacles (Abyss:2)
25 creatures vanquished.

Grand Total: 1874 creatures vanquished

Notes
Turn   | Place    | Note
-------+----------+-------------------------------------------
     0 | D:1      | eccles the Minotaur Berserker began the quest for the Orb.
     0 | D:1      | Reached XP level 1. HP: 19/19 MP: 0/0
    37 | D:1      | Reached skill level 4 in Axes
    37 | D:1      | Reached XP level 2. HP: 23/27 MP: 1/1
   440 | D:2      | Reached XP level 3. HP: 28/33 MP: 2/2
   507 | D:2      | Found a stormy altar of Qazlal.
   510 | D:2      | Found a sacrificial altar of Ru.
   510 | D:2      | Found a glowing golden altar of the Shining One.
   513 | D:2      | Found an ornate altar of the Wu Jian Council.
   571 | D:2      | Noticed Jessica
   576 | D:2      | Killed Jessica
   676 | D:2      | Reached skill level 5 in Axes
   676 | D:2      | Reached XP level 4. HP: 37/41 MP: 3/3
   834 | D:2      | Reached ** piety under Trog
  1327 | D:3      | Found a bloodstained altar of Trog.
  1329 | D:3      | Noticed a wizard
  1333 | D:3      | Killed a wizard
  1401 | D:3      | Found a runed door.
  1402 | D:3      | Noticed Pereza0's ghost (amateur OgBe)
  1442 | D:3      | Killed Pereza0's ghost
  1442 | D:3      | Reached skill level 5 in Fighting
  1442 | D:3      | Reached XP level 5. HP: 18/48 MP: 4/4
  1709 | D:3      | Reached skill level 6 in Axes
  1912 | D:3      | Found a burning altar of Makhleb.
  1912 | D:3      | Found a glowing silver altar of Zin.
  1913 | D:3      | Noticed an angel
  1913 | D:3      | Noticed a green death
  2328 | D:4      | Reached XP level 6. HP: 29/56 MP: 5/5
  2711 | D:4      | Reached *** piety under Trog
  2767 | D:4      | Found a staircase to the Ecumenical Temple.
  2780 | D:4      | Reached skill level 7 in Axes
  2922 | D:5      | Entered Level 5 of the Dungeon
  2922 | D:5      | Found a white marble altar of Elyvilon.
  3034 | D:5      | Reached XP level 7. HP: 51/62 MP: 6/6
  3043 | D:5      | Noticed Eustachio
  3077 | D:5      | Killed Eustachio
  3077 | D:5      | Reached skill level 8 in Axes
  3401 | D:5      | Found a blossoming altar of Fedhas.
  3799 | D:6      | Reached skill level 5 in Armour
  3935 | D:6      | Reached XP level 8. HP: 36/71 MP: 7/7
  3942 | D:6      | Found a glowing drain.
  3946 | Sewer    | Entered a sewer
  3993 | Sewer    | Reached **** piety under Trog
  4117 | Sewer    | Reached skill level 9 in Axes
  4147 | Sewer    | Received a gift from Trog
  4549 | D:6      | Got a faintly glowing cloak
  4556 | D:6      | Identified the +1 cloak of Magic {rN++ rCorr Dex+2} (You
                  | found it on level 6 of the Dungeon)
  4990 | D:7      | Reached skill level 10 in Axes
  4990 | D:7      | Noticed a hippogriff
  5006 | D:7      | Killed a hippogriff
  5142 | D:7      | Reached XP level 9. HP: 63/81 MP: 8/8
  5148 | D:7      | Reached ***** piety under Trog
  5424 | D:8      | Reached skill level 11 in Axes
  5623 | D:8      | Found an ancient bone altar of Kikubaaqudgha.
  5627 | D:8      | Found a shadowy altar of Dithmenos.
  5631 | D:8      | Found a hazy altar of Hepliaklqana.
  5689 | D:8      | Received a gift from Trog
  5958 | D:8      | Found a sparkling altar of Nemelex Xobeh.
  6035 | D:9      | Noticed a manticore
  6042 | D:9      | Killed a manticore
  6042 | D:9      | Reached skill level 12 in Axes
  6377 | D:9      | Reached XP level 10. HP: 91/91 MP: 3/9
  6380 | D:9      | Reached skill level 13 in Axes
  6439 | D:9      | Found a shimmering altar of Xom.
  6564 | D:10     | Entered Level 10 of the Dungeon
  6711 | D:10     | Noticed a two-headed ogre
  6729 | D:10     | Killed a two-headed ogre
  6729 | D:10     | Reached skill level 14 in Axes
  7041 | D:10     | Noticed a gargoyle
  7049 | D:10     | Killed a gargoyle
  7051 | D:10     | Reached skill level 10 in Fighting
  7118 | D:10     | Noticed Grum
  7144 | D:10     | Killed Grum
  7750 | D:11     | Received a gift from Trog
  7750 | D:11     | Reached XP level 11. HP: 90/101 MP: 3/10
  7752 | D:11     | Reached skill level 15 in Axes
  7796 | D:11     | Got a pitted ring mail
  7799 | D:11     | Noticed a red ugly thing
  7810 | D:11     | Killed a red ugly thing
  7835 | D:11     | Identified the +3 ring mail "Potouh Isay" {rC+ rCorr Dex+4}
                  | (You found it on level 11 of the Dungeon)
  8032 | D:11     | Got a slimy war axe
  8036 | D:11     | Identified the +2 war axe of the Hawk {vamp, rElec MR+
                  | Str-4} (You found it on level 11 of the Dungeon)
  8105 | D:11     | Found a staircase to the Orcish Mines.
  8248 | D:11     | Found a staircase to the Lair.
  8324 | D:11     | Noticed a two-headed ogre
  8329 | D:11     | Killed a two-headed ogre
  8609 | D:11     | Noticed a purple ugly thing
  8618 | D:11     | Killed a purple ugly thing
  8618 | D:11     | Reached skill level 16 in Axes
  8731 | D:12     | Found a shimmering altar of Xom.
  8737 | D:12     | Found a shimmering altar of Xom.
  8737 | D:12     | Found a shimmering altar of Xom.
  8738 | D:12     | Found a shimmering altar of Xom.
  8738 | D:12     | Found a shimmering altar of Xom.
  8937 | D:12     | Received a gift from Trog
  9442 | D:12     | Noticed a death knight
  9442 | D:12     | Noticed a phantasmal warrior
  9459 | D:12     | Killed a death knight
  9461 | D:12     | Reached XP level 12. HP: 37/113 MP: 11/11
 10160 | D:12     | Noticed a death yak
 10160 | D:12     | Noticed a death yak
 10162 | D:12     | Noticed a death yak
 10168 | D:12     | Noticed a minotaur
 10171 | D:12     | Noticed a death yak
 10176 | D:12     | Noticed a minotaur
 10177 | D:12     | Killed a death yak
 10177 | D:12     | Reached skill level 17 in Axes
 10179 | D:12     | Killed a death yak
 10181 | D:12     | Killed a minotaur
 10182 | D:12     | Killed a death yak
 10184 | D:12     | Killed a death yak
 10194 | D:12     | Killed a minotaur
 10474 | D:12     | Got a bloodstained ring mail
 10485 | D:12     | Identified the +2 ring mail of Dithmenos {rPois rC+} (You
                  | found it on level 12 of the Dungeon)
 10750 | D:13     | Reached skill level 1 in Stealth
 10774 | D:13     | Reached skill level 10 in Armour
 10782 | D:13     | Noticed a centaur warrior
 10791 | D:13     | Killed a centaur warrior
 11035 | D:13     | Found a sparkling altar of Nemelex Xobeh.
 11304 | Lair:1   | Entered Level 1 of the Lair of Beasts
 11304 | Lair:1   | Noticed Erica
 11309 | Lair:1   | Killed Erica
 11563 | Lair:1   | Noticed Sonja
 11584 | Lair:1   | Killed Sonja
 11584 | Lair:1   | Reached skill level 18 in Axes
 11584 | Lair:1   | Reached XP level 13. HP: 107/124 MP: 12/12
 11703 | Lair:1   | Identified a scroll of acquirement
 11705 | Lair:1   | Got a twisted buckler
 11711 | Lair:1   | Identified the +2 buckler of the Castellan {Str+2} (You
                  | acquired it on level 1 of the Lair of Beasts)
 11909 | Lair:1   | Got a heavily runed plate armour
 11920 | Lair:1   | Identified the +8 plate armour "Qunuzoos" {rElec rCorr
                  | Dex-2 Stlth+} (You found it on level 1 of the Lair of
                  | Beasts)
 12128 | Lair:2   | Reached skill level 5 in Dodging
 12303 | Lair:2   | Reached skill level 15 in Fighting
 12837 | Lair:2   | Reached skill level 1 in Maces & Flails
 12840 | Lair:2   | Reached skill level 1 in Shields
 12978 | Lair:2   | Received a gift from Trog
 13050 | Lair:2   | Noticed Urug
 13064 | Lair:2   | Killed Urug
 13084 | Lair:2   | Found a staircase to the Snake Pit.
 13276 | Lair:3   | Found a dark tunnel.
 13284 | Volcano  | Entered a volcano
 13496 | Volcano  | Found a burning altar of Makhleb.
 14347 | Lair:4   | Reached XP level 14. HP: 137/137 MP: 13/13
 14480 | Lair:4   | Got a spiked shield
 14491 | Lair:4   | Identified the cursed +0 shield of the Devil {rF- Slay+6}
                  | (You found it on level 4 of the Lair of Beasts)
 14542 | Lair:4   | Reached skill level 19 in Axes
 14543 | Lair:4   | Found a staircase to the Swamp.
 14902 | Lair:4   | Found a hide-covered altar of Uskayaw.
 15337 | Lair:5   | Reached skill level 1 in Evocations
 15621 | Lair:6   | Entered Level 6 of the Lair of Beasts
 15649 | Lair:6   | Found a viscous altar of Jiyva.
 15649 | Lair:6   | Found a staircase to the Slime Pits.
 15763 | Lair:6   | Found the +7 Kryia's mail coat {PotionHeal*2 rC+}
 15970 | Lair:6   | Received a gift from Trog
 16729 | Orc:1    | Entered Level 1 of the Orcish Mines
 16913 | Orc:2    | Entered Level 2 of the Orcish Mines
 17008 | Orc:2    | Found Loekkiad's Magic Scroll Shop.
 17009 | Orc:2    | Found Ziutt's General Store.
 17124 | Orc:2    | Reached ****** piety under Trog
 17489 | Orc:2    | Received a gift from Trog
 17612 | Orc:2    | Found a burning altar of Makhleb.
 17680 | Orc:2    | Found a staircase to the Elven Halls.
 17708 | Orc:2    | Found Vasote's Distillery.
 17716 | Orc:2    | Noticed a stone giant
 17727 | Orc:2    | Killed a stone giant
 18503 | Orc:2    | HP: 3/140 [orc high priest/divine providence (13)]
 18508 | Orc:2    | HP: 4/140 [poisoned by an orc knight]
 18948 | Orc:2    | Reached skill level 20 in Axes
 19030 | Orc:2    | Reached XP level 15. HP: 112/147 MP: 14/14
 19150 | Orc:2    | Reached skill level 5 in Shields
 19215 | Orc:2    | Found Vuuduh's Antique Weapon Shoppe.
 19215 | Orc:2    | Found Uhoot's Book Emporium.
 19215 | Orc:2    | Found a one-way gate leading to the halls of Pandemonium.
 19269 | Orc:2    | Bought a potion of heal wounds for 75 gold pieces
 19269 | Orc:2    | Bought a scroll of enchant armour for 112 gold pieces
 19269 | Orc:2    | Bought a ration for 75 gold pieces
 19269 | Orc:2    | Bought a ration for 75 gold pieces
 19271 | Orc:2    | Bought a scroll of enchant armour for 97 gold pieces
 19271 | Orc:2    | Bought a scroll of identify for 26 gold pieces
 19271 | Orc:2    | Bought a scroll of identify for 26 gold pieces
 19271 | Orc:2    | Bought a scroll of identify for 26 gold pieces
 19307 | Orc:2    | Bought a potion of curing for 42 gold pieces
 19307 | Orc:2    | Bought a potion of curing for 42 gold pieces
 19307 | Orc:2    | Bought a potion of flight for 42 gold pieces
 19560 | D:14     | Found a gate to the Vaults.
 19560 | D:14     | Noticed Rupert
 19577 | D:13     | Received a gift from Trog
 19621 | D:13     | Killed Rupert
 20355 | D:15     | Entered Level 15 of the Dungeon
 20358 | D:15     | Found a staircase to the Depths.
 20384 | D:15     | Received a gift from Trog
 20538 | D:15     | Reached skill level 21 in Axes
 20585 | D:15     | Found a labyrinth entrance.
 20594 | Lab      | Entered a labyrinth
 21452 | D:15     | Found a portal to a secret trove of treasure.
 21968 | D:15     | Found a shadowy altar of Dithmenos.
 22015 | D:15     | Reached XP level 16. HP: 124/160 MP: 15/15
 22184 | D:15     | Received a gift from Trog
 22267 | D:15     | Found a burning altar of Makhleb.
 22286 | D:15     | Found a burning altar of Makhleb.
 22287 | D:15     | Found the cursed +14 obsidian axe {chop, +Fly SInv *Curse}
 23010 | Swamp:1  | Entered Level 1 of the Swamp
 24433 | Swamp:2  | Received a gift from Trog
 24721 | Swamp:3  | Reached skill level 22 in Axes
 25360 | Swamp:4  | Entered Level 4 of the Swamp
 25416 | Swamp:4  | Paralysed by a hornet for 2 turns
 25549 | Swamp:4  | Noticed a thorn hunter
 25559 | Swamp:4  | Killed a thorn hunter
 25611 | Swamp:4  | Reached XP level 17. HP: 127/171 MP: 16/16
 25691 | Swamp:4  | HP: 8/172 [three-headed hydra (6)]
 25695 | Swamp:4  | HP: 3/172 [poison (poison gas)]
 26382 | Swamp:4  | Noticed Roxanne
 26396 | Swamp:4  | Killed Roxanne
 26397 | Swamp:4  | Identified Roxanne's Collected Works on Transformation (You
                  | took it off Roxanne on level 4 of the Swamp)
 26696 | Swamp:4  | Got a decaying rune of Zot
 26771 | Swamp:3  | Upgraded the game from 0.22.0-49-gab54619 to
                  | 0.22.0-75-g3901e79
 26940 | Snake:1  | Entered Level 1 of the Snake Pit
 27048 | Snake:1  | Received a gift from Trog
 27643 | Snake:1  | Found Amiez's Magic Scroll Shop.
 27978 | Snake:2  | Reached skill level 23 in Axes
 28726 | Snake:3  | Received a gift from Trog
 29036 | Snake:4  | Entered Level 4 of the Snake Pit
 29066 | Snake:4  | Noticed Vashnia
 29118 | Snake:4  | Killed Vashnia
 29330 | Snake:4  | Reached XP level 18. HP: 182/182 MP: 10/17
 29822 | Snake:4  | Received a gift from Trog
 29822 | Snake:4  | Reached skill level 24 in Axes
 30791 | Snake:4  | Received a gift from Trog
 31295 | Snake:4  | Got a brightly glowing battleaxe {god gift}
 31312 | Snake:4  | Identified the +5 battleaxe of the Firefly {flame, rElec}
                  | (Trog gifted it to you on level 4 of the Snake Pit)
 31758 | Snake:4  | Got a serpentine rune of Zot
 32058 | Vaults:1 | Entered Level 1 of the Vaults
 32305 | Vaults:1 | Received a gift from Trog
 32314 | Vaults:1 | Reached skill level 25 in Axes
 32398 | Vaults:1 | Reached XP level 19. HP: 157/193 MP: 18/18
 32808 | Vaults:1 | Received a gift from Trog
 33767 | Vaults:2 | Reached skill level 1 in Throwing
 33785 | Vaults:2 | Received a gift from Trog
 33983 | Vaults:2 | Reached skill level 15 in Armour
 34118 | Vaults:2 | Upgraded the game from 0.22.0-75-g3901e79 to 0.22.1
 34597 | Vaults:2 | Received a gift from Trog
 35128 | Vaults:2 | Reached skill level 26 in Axes
 35405 | Vaults:3 | Reached XP level 20. HP: 187/205 MP: 19/19
 35628 | Vaults:3 | Received a gift from Trog
 35902 | Vaults:3 | Reached skill level 5 in Throwing
 36429 | Vaults:3 | Found a staircase to the Crypt.
 36690 | Vaults:3 | Received a gift from Trog
 37625 | Vaults:4 | Found Ganusche's Antique Weapon Shop.
 38243 | Vaults:4 | Received a gift from Trog
 38346 | Vaults:4 | Received a gift from Trog
 38399 | Vaults:4 | Reached XP level 21. HP: 208/215 MP: 20/20
 39069 | Elf:1    | Entered Level 1 of the Elven Halls
 39556 | Elf:1    | Received a gift from Trog
 39661 | Elf:1    | Reached skill level 27 in Axes
 40148 | Elf:2    | Found Uthudul's Distillery.
 40155 | Elf:2    | Bought 2 potions of curing for 90 gold pieces
 40210 | Elf:2    | Received a gift from Trog
 40547 | Elf:2    | Found a runed gate.
 40547 | Elf:2    | Found a runed gate.
 40548 | Elf:2    | Found a runed gate.
 40795 | Elf:2    | Received a gift from Trog
 41388 | Elf:3    | Entered Level 3 of the Elven Halls
 41424 | Elf:3    | Received a gift from Trog
 42280 | Elf:3    | Cast into level 2 of the Abyss (a deep elf sorcerer)
 42557 | Abyss:2  | Found a shimmering altar of Xom.
 42571 | Abyss:2  | Noticed a profane servitor
 42576 | Abyss:2  | Received a gift from Trog
 42587 | Abyss:2  | Killed a profane servitor
 42588 | Abyss:2  | Received a gift from Trog
 42612 | Abyss:2  | Noticed a profane servitor
 42652 | Abyss:2  | Killed a profane servitor
 42699 | Abyss:2  | Found a corrupted altar of Lugonu.
 42780 | Abyss:2  | Found a stormy altar of Qazlal.
 42799 | Abyss:2  | Reached XP level 22. HP: 52/228 MP: 21/21
 42872 | Abyss:2  | Lost intelligence.
 42967 | Abyss:2  | HP: 8/228 [burnt (6)]
 42969 | Abyss:2  | HP: 1/228 [burnt (6)]
 42970 | Abyss:2  | Incinerated by a smoke demon

Skill      XL: |  1  2  3  4  5  6  7  8  9 10 11 12 13 14 15 16 17 18 19 20 21 22 |
---------------+-------------------------------------------------------------------+-----
Axes           | 4 5 6 7 8 10 12 14 16 18 20 21 22 23 25 26 27 | 27.0
Fighting       | 4 5 6 7 9 10 12 14 16 17 19 20 21 22 23 24 25 26 | 26.0
Armour         | 3 4 5 6 7 9 10 11 12 13 14 15 16 17 | 17.4
Dodging        | 3 4 5 6 7 |  7.5
Stealth        | 1 2 3 |  3.1
Maces & Flails | 1 2 |  2.3
Shields        | 2 4 6 7 8 |  8.3
Evocations     | 1 |  1.3
Throwing       | 4 7 9 |  9.6

Action                   |  1- 3 |  4- 6 |  7- 9 | 10-12 | 13-15 | 16-18 | 19-21 | 22-24 || total
-------------------------+-------+-------+-------+-------+-------+-------+-------+-------++-------
Melee: Hand axe          |    50 |   166 |   390 |       |       |       |       |       ||   606
       Headbutt          |     7 |    30 |    78 |   102 |   257 |   302 |   394 |     7 ||  1177
       Battleaxe         |       |       |    44 |   154 |       |   125 |  1400 |    28 ||  1751
       War axe           |       |       |       |   296 |   801 |       |       |       ||  1097
       Flail             |       |       |       |       |    19 |       |       |       ||    19
       Broad axe         |       |       |       |       |   224 |   495 |       |       ||   719
       Executioner's axe |       |       |       |       |       |   498 |       |       ||   498
Invok: Berserk           |       |     2 |     2 |     5 |     2 |    10 |     9 |     1 ||    31
       Trog's Hand       |       |       |       |       |       |     1 |       |       ||     1
 Abil: Evoke Flight      |       |       |       |       |     1 |       |       |       ||     1
Evoke: Wand              |       |       |     1 |     7 |     6 |       |     7 |       ||    21
  Use: Scroll            |       |     6 |     2 |    12 |    18 |    10 |    11 |     1 ||    60
       Potion            |       |       |     1 |       |     1 |    12 |    10 |     1 ||    25
 Stab: Confused          |       |       |       |       |       |     3 |       |       ||     3
       Distracted        |       |       |       |       |       |       |     1 |       ||     1
       Invisible         |       |       |       |       |       |       |       |     3 ||     3
  Eat: Chunk             |       |     9 |    10 |    17 |    22 |    10 |    30 |       ||    98
       Ration            |       |       |     1 |     4 |     4 |    10 |     4 |       ||    23
Armor: Animal skin       |     1 |       |       |       |       |       |       |       ||     1
       Chain mail        |    36 |    84 |   229 |   230 |    13 |       |       |       ||   592
       Plate armour      |       |       |       |       |   479 |   378 |   759 |    70 ||  1686
       Swamp dragon scal |       |       |       |       |       |   330 |       |       ||   330
Dodge: Dodged            |    27 |    71 |   297 |   278 |   472 |   657 |   535 |    57 ||  2394
Block: Buckler           |       |       |       |       |   252 |   189 |       |       ||   441
